 Dungeon Crawl Stone Soup version 0.25-a0-578-gc91f01c39c (webtiles) character file.

Game seed: 464836145337713226, levelgen mode: deterministic

298 MisterFreud the Skirmisher (level 6, 0/35 HPs)
             Began as a Vine Stalker Fighter on Mar 6, 2020.
             Succumbed to Sigmund's poison
             ... on level 3 of the Dungeon.
             The game lasted 00:09:28 (3961 turns).

MisterFreud the Skirmisher (Vine Stalker Fighter)   Turns: 3961, Time: 00:09:28

Health: 0/35       AC:  7    Str: 21    XL:     6   Next: 36%
Magic:  2/7        EV:  7    Int: 10    God:
Gold:   178        SH:  9    Dex: 13    Spells: 5/5 levels left

rFire    . . .     SeeInvis .     - Unarmed
rCold    . . .     Gourm    .   b - +0 kite shield
rNeg     . . .     Faith    .   a - +0 scale mail
rPois    .         Spirit   +   (no helmet)
rElec    .         Reflect  .   (no cloak)
rCorr    .         Harm     .   (no gloves)
MR       .....                  l - +0 pair of boots
Stlth    ..........             (no amulet)
HPRegen  0.51/turn              w - +2 ring of intelligence
MPRegen  0.10/turn              (no ring)

@: mighty, lethally poisoned (0 -> -16), invisible
A: fangs 2, regeneration 1, magic shield, antimagic bite, no potion heal 3, rot
immunity
a: no special abilities


You were on level 3 of the Dungeon.
You were hungry.

You visited 1 branch of the dungeon, and saw 4 of its levels.
You also visited: Sewer.

You collected 178 gold pieces.

Inventory:

Missiles
 g - 32 arrows
 h - 42 stones (quivered)
 s - 7 poisoned darts
Armour
 a - a +0 scale mail (worn)
 b - a +0 kite shield (worn)
 l - a +0 pair of boots (worn)
Jewellery
 w - a +2 ring of intelligence (left hand)
 y - an uncursed ring of ice
Scrolls
 f - 2 scrolls of identify
 p - a scroll of remove curse {unknown}
 q - 4 scrolls of teleportation
 u - 2 scrolls of enchant armour {unknown}
 v - a scroll of immolation {unknown}
 x - a scroll of fear {unknown}
Potions
 c - 2 potions of might
 e - 3 potions of degeneration
 i - a potion of curing {unknown}
 j - 2 potions of haste
 k - 3 potions of stabbing
 n - 2 potions of flight
 o - a potion of mutation {unknown}
 r - a potion of heal wounds
 t - 2 potions of brilliance
Comestibles
 d - 4 rations


   Skills:
 - Level 5.0 Fighting
 - Level 2.4 Armour
 - Level 2.6 Shields
 + Level 4.6 Unarmed Combat


You had 5 spell levels left.
You didn't know any spells.
Your spell library contained the following spells:

 Spells                   Type           Power        Failure   Level  Hunger
 Beastly Appendage        Tmut           #.....       99%         1    ##.....
 Sticks to Snakes         Tmut           #.......     100%        2    ###....
 Spider Form              Tmut/Pois      #.........   100%        3    ####...
 Ice Form                 Ice/Tmut       #.......     100%        4    #####..
 Blade Hands              Tmut           #.........   100%        5    ######.


Dungeon Overview and Level Annotations

Branches:
Dungeon (4/15)              Sewer (visited)
 Temple: D:4-7

Altars:
Trog

Annotations:
D:3 Sigmund


Innate Abilities, Weirdness & Mutations

You have extremely sharp teeth.
Your natural rate of healing is unusually fast.
When hurt, damage is shared between your health and your magic reserves.
Your bite disrupts and absorbs the magic of your enemies.
Potions cannot restore your health.
You are immune to rotting.


Message History

You feel sick. Something hits you!
You are more poisoned.
Okay, then.
Unknown command.
Unknown command.
You aren't carrying any items that you can evoke.
Unknown command.
You feel very mighty all of a sudden.
You feel sick. Something hits you!
* * * LOW HITPOINT WARNING * * *
You are more poisoned.
* * * LOW HITPOINT WARNING * * *
You feel very sick.
You see here the felid corpse of Natasha.
You closely miss something.
* * * LOW HITPOINT WARNING * * *
You feel sick. Something hits you but does no damage.
It was a potion of invisibility.
You fade into invisibility!
You die...

...............#
#.###########.#
..#.#.#####....# #.#
#.# ..+...# #.#..# #.#
#.# ..#.### #.#..# #.#
#.# ..#.#####
#.#..###.###########.#
..#.....#
#.#.>..#.............#
#######.#
#.#..#.###############
#.# #.#..#{#
#.###.####@# #.#<..#
#.# #.##### #.# #.#
#.# #.# #.#
#.########.#
#..........#
############


There were no monsters in sight!

Vanquished Creatures
  An orc wizard (D:3)
  An orc priest (D:3)
  Natasha (D:3)
  3 adders
  3 gnolls
  5 oozes
  7 worms
  2 dart slugs
  5 leopard geckos
  11 orcs (D:3)
  4 giant cockroaches
  7 goblins
  4 hobgoblins
  10 jackals
  3 quokkas
  A ball python (Sewer)
  16 bats
  6 frilled lizards
  7 kobolds
  6 rats
103 creatures vanquished.

Notes
Turn   | Place    | Note
-------+----------+-------------------------------------------
     0 | D:1      | MisterFreud the Vine Stalker Fighter began the quest for
                  | the Orb.
     0 | D:1      | Reached XP level 1. HP: 11/11 MP: 2/2
   173 | D:1      | Reached skill level 3 in Fighting
   209 | D:1      | Reached XP level 2. HP: 15/16 MP: 1/3
   711 | D:1      | You fall into a shaft and drop 1 floor!
   750 | D:2      | Reached XP level 3. HP: 16/21 MP: 4/4
  1373 | D:2      | Reached skill level 4 in Fighting
  1643 | D:1      | Gained mutation: Your natural rate of healing is unusually
                  | fast. [Vine Stalker growth]
  1643 | D:1      | Reached XP level 4. HP: 15/26 MP: 5/5
  2437 | D:3      | Found a glowing drain.
  2451 | Sewer    | Entered a sewer
  2457 | Sewer    | Reached skill level 5 in Fighting
  2464 | Sewer    | Reached XP level 5. HP: 21/30 MP: 4/6
  3076 | D:2      | Found a bloodstained altar of Trog.
  3351 | D:3      | Reached XP level 6. HP: 35/35 MP: 7/7
  3938 | D:4      | Noticed Sigmund
  3938 | D:4      | Noticed Natasha
  3957 | D:3      | Killed Natasha
  3961 | D:3      | Succumbed to Sigmund's poison

Levels and vault maps discovered:
D:1:      nzn_arrival_water_spiral, layout_loops_ring, kennysheep_boxes
D:2:      lemuel_upstairs_altar, layout_loops_ring
D:3:      layout_basic, cheibrodos_sewer_entry_bend, dk_noncrumbling_4
D:4:      layout_basic, minmay_temple_entry_large_hall, uniq_robin,
          uniq_sigmund, uniq_natasha, uniq_menkaure, uniq_blork_the_orc

Skill      XL: |  1  2  3  4  5  6 |
---------------+-------------------+-----
Fighting       | 3 4 5 |  5.0
Unarmed Combat | 3 4 |  4.6
Armour         | |  2.4
Shields        | |  2.6

Action                   |  1- 3 |  4- 6 || total
-------------------------+-------+-------++-------
Melee: Unarmed           |   109 |   302 ||   411
       Bite              |    31 |    96 ||   127
Throw: Stone             |     4 |       ||     4
  Use: Scroll            |       |     8 ||     8
       Potion            |       |     3 ||     3
  Eat: Chunk             |     2 |     8 ||    10
Armor: Scale mail        |    50 |   179 ||   229
Dodge: Dodged            |    38 |   112 ||   150
Block: Kite shield       |    56 |   161 ||   217

Table legend:
 A = Non-vault XP
 B = Vault XP
 C = Vault XP percentage of total XP
 D = Non-vault monster count
 E = Vault monster count
 F = Vault count percentage of total count
                 A         B        C        D         E       F
            +---------+---------+-------+---------+---------+-------
      Total |     302 |     125 |  29.3 |      74 |      29 |  28.2
            +---------+---------+-------+---------+---------+-------
        D:1 |      48 |       0 |   0.0 |      22 |       0 |   0.0
        D:2 |     102 |       0 |   0.0 |      25 |       0 |   0.0
        D:3 |     152 |      40 |  20.8 |      27 |       2 |   6.9
      Sewer |       0 |      85 | 100.0 |       0 |      27 | 100.0
            +---------+---------+-------+---------+---------+-------
